AoeStats
← IsraDguez

MegaRandom

509977610Analyzed
2v2 RM · 4d ago on Sep 28, 2026· 35m 38s· 4 players
Game mode
Random Map
Map size
Medium (4 player)
Population
200
Speed
Normal
Resources
Standard
Victory
Conquest
Starting age
Dark Age
Ending age
Imperial Age
RankedLock teamsTeams togetherTeam positionsShared explorationLock speedFull tech treeHidden civsTurbo modeCheats
Victory
Defeat
🇲🇽 Varangians · Mexico
1079
+14
🇲🇽 Maya · Mexico
1038
+16
🇬🇧 Maya · United Kingdom
1124
-18
🇺🇸 Koreans · United States
951
-15
yourtherapist
1:17 Loom
12:02 Feudal Age
12:20 Man-at-Arms
14:25 Double-Bit Axe
17:13 Wheelbarrow
21:35 Fletching
21:56 Forging
22:28 Man-at-Arms
30:58 Castle Age
31:05 Elite Skirmisher
Patches
12:13 Feudal Age
10:44 Loom
13:45 Wheelbarrow
16:10 Town Watch
23:01 Double-Bit Axe
26:58 Castle Age
24:50 Fletching
26:27 Padded Archer Armor
27:24 Elite Skirmisher
27:24 Crossbowman
IsraDguez
5:17 Loom
10:29 Feudal Age
22:08 Castle Age
20:40 Fletching
27:45 Crossbowman
29:45 Scale Mail Armor
29:41 Bodkin Arrow
35:14 Imperial Age
35:07 Double-Bit Axe
King Dario II
2:38 Loom
9:47 Feudal Age
9:52 Man-at-Arms
11:34 Double-Bit Axe
17:19 Bloodlines
25:26 Forging
28:59 Scale Barding Armor
34:54 Scale Mail Armor
Connection lost

Rejoining the realm…

Still unreachable

The connection could not be restored.

Session expired

The server has moved on; the page needs a fresh start.